 Dungeon Crawl Stone Soup version 0.22-a0-469-gf26638a (webtiles) character file.

86 4thArraOfDagon the Chopper (level 4, 3/41 HPs)
             Began as a Hill Orc Fighter on June 13, 2018.
             Quit the game on level 3 of the Dungeon.
             The game lasted 00:01:32 (305 turns).

4thArraOfDagon the Chopper (Hill Orc Fighter)        Turns: 305, Time: 00:01:33

Health: 3/41       AC:  7    Str: 16 (18) XL:     4   Next: 50%
Magic:  4/4        EV: 14    Int:  8 (9)  God:
Gold:   19         SH:  0    Dex: 13 (15) Spells: 3/3 levels left

rFire    . . .     SeeInvis .   d - +8 club
rCold    . . .     Gourm    .   (no shield)
rNeg     . . .     Faith    .   b - +0 scale mail
rPois    .         Spirit   .   (no helmet)
rElec    .         Reflect  .   (no cloak)
rCorr    .         Harm     .   (no gloves)
MR       .....                  (no boots)
Stlth    +.........             (no amulet)
HPRegen  0.13/turn              (no ring)
MPRegen  0.09/turn              (no ring)

@: agile, lethally poisoned (3 -> -25), flying
A: no striking features
a: no special abilities


You were on level 3 of the Dungeon.
You were not hungry.

You visited 1 branch of the dungeon, and saw 3 of its levels.

You collected 19 gold pieces.

Inventory:

Hand Weapons
 a - a +0 war axe
 d - a +8 club (weapon)
Armour
 b - a +0 scale mail (worn)
Wands
 h - a wand of flame (24)
Scrolls
 e - a scroll of immolation {unknown}
 j - a scroll of identify {unknown}
Potions
 g - a potion of degeneration
Comestibles
 f - 2 rations


   Skills:
 + Level 4.4 Fighting
 * Level 4.7 Axes
 + Level 4.0 Armour
   Level 3.2 Shields


You had 3 spell levels left.
You didn't know any spells.
Your spell library was empty.

Dungeon Overview and Level Annotations

Branches:
Dungeon (3/15)

Altars:
Ashenzari


Message History

* * * LOW HITPOINT WARNING * * *
You feel sick. The gnoll hits you but does no damage.
You are more poisoned.
The gnoll hits you but does no damage. The rat bites you but does no damage.
It was a potion of flight.
You feel very buoyant.
You fly up into the air.
* * * LOW HITPOINT WARNING * * *
You feel sick.
The gnoll hits you with a whip of venom.
* * * LOW HITPOINT WARNING * * *
The rat bites you but does no damage. The gnoll barely misses you.
It was a potion of agility.
You feel agile all of a sudden.
* * * LOW HITPOINT WARNING * * *
You feel sick. The gnoll hits you but does no damage.
You are more poisoned.
The gnoll closely misses you. The rat completely misses you.
Unknown command.
Are you sure you want to abandon this character and quit the game? (Confirm with "yes".)

#..........###....#
#.#...#..........#
#.##.##..........#
# #.##.##†....###
#.##.....#.##
#.######g#g# #.#
#g#g# #.# #.#g#
#.#@# ......r.#
#####.### #. #


You could see 3 gnolls and a rat.

Vanquished Creatures
  Ijyb (D:3)
  Terence (D:3)
  2 adders (D:3)
  A worm (D:3)
  An orc (D:3)
  2 ball pythons
  2 giant cockroaches
  A hobgoblin (D:3)
  4 bats
  A frilled lizard (D:1)
  2 kobolds (D:3)
18 creatures vanquished.

Notes
Turn   | Place    | Note
-------+----------+-------------------------------------------
     0 | D:1      | 4thArraOfDagon the Hill Orc Fighter began the quest for the Orb.
     0 | D:1      | Reached XP level 1. HP: 19/19 MP: 1/1
   100 | D:2      | Reached XP level 2. HP: 18/27 MP: 2/2
   230 | D:3      | Noticed Ijyb
   236 | D:3      | Killed Ijyb
   236 | D:3      | Reached XP level 3. HP: 31/33 MP: 3/3
   251 | D:3      | Reached XP level 4. HP: 35/40 MP: 4/4
   266 | D:3      | Noticed Terence
   272 | D:3      | Killed Terence
   278 | D:3      | Found a shattered altar of Ashenzari.
   305 | D:3      | Quit the game

Vault maps used:
D:1:      mrwooster_arrival_statue_3
D:2:      nrook_mini_vaults, minmay_pentomino_x2
D:3:      ashenzari_conservatory_becter, nicolae_tso_carved_into_rock,
          dancing_weapons_uskayaw, uniq_terence, uniq_ijyb, uniq_sigmund

Skill      XL: |  1  2  3  4 |
---------------+-------------+-----
Axes           | 3 4 |  4.7
Fighting       | 4 |  4.4
Armour         | 4 |  4.0
Shields        | |  3.2

Action                   |  1- 3 |  4- 6 || total
-------------------------+-------+-------++-------
Melee: War axe           |    36 |       ||    36
       Club              |     5 |     9 ||    14
  Use: Potion            |     1 |     3 ||     4
Armor: Scale mail        |    31 |     9 ||    40
Dodge: Dodged            |    31 |     5 ||    36

Table legend:
 A = Spawn XP
 B = Non-spawn XP
 C = Spawn XP percentage of total XP
 D = Spawn monster count
 E = Non-spawn monster count
 F = Spawn count percentage of total count
 G = Total turns spent on level
                    A         B        C        D         E        F      G
               +---------+---------+-------+---------+---------+-------+---------
         Total |       0 |     124 |   0.0 |       0 |      18 |   0.0 |   305
               +---------+---------+-------+---------+---------+-------+---------
           D:1 |       0 |       5 |   0.0 |       0 |       3 |   0.0 |    66
           D:2 |       0 |       5 |   0.0 |       0 |       4 |   0.0 |    66
           D:3 |       0 |     114 |   0.0 |       0 |      11 |   0.0 |   173
               +---------+---------+-------+---------+---------+-------+---------
